 Dungeon Crawl Stone Soup version 0.23.1 (webtiles) character file.

Game seed: 7368812980949566389

162 vishdafish the Chopper (level 5, -1/50 HPs)
             Began as a Naga Fighter on Mar 19, 2019.
             Was a Follower of Cheibriados.
             Slain by a gnoll
             ... wielding a +0 halberd
              (3 damage)
             ... on level 4 of the Dungeon.
             The game lasted 00:02:29 (2805 turns).

vishdafish the Chopper (Naga Fighter)               Turns: 2805, Time: 00:02:30

Health: -1/50      AC:  5    Str: 21    XL:     5   Next: 43%
Magic:  6/6        EV: 10    Int: 11    God:    Cheibriados [*.....]
Gold:   173        SH:  9    Dex: 17    Spells: 4/4 levels left

rFire    . . .     SeeInvis +   a - +0 war axe
rCold    . . .     Gourm    .   c - +0 shield
rNeg     . . .     Faith    .   b - +0 scale mail
rPois    +         Spirit   .   (no helmet)
rElec    .         Reflect  .   (no cloak)
rCorr    .         Harm     .   (no gloves)
MR       .....                  (no barding)
Stlth    +.........             (no amulet)
HPRegen  0.16/turn              (no ring)
MPRegen  0.10/turn              (no ring)

@: agile, hasted, very slow
A: large, see invisible, deformed body, poison resistance, slowness 2, slow
metabolism 1, spit poison 1, AC +1
a: Spit Poison, Bend Time, Renounce Religion


You were on level 4 of the Dungeon.
You worshipped Cheibriados.
Cheibriados was aware of your devotion.
You were hungry.

You visited 1 branch of the dungeon, and saw 4 of its levels.

You collected 173 gold pieces.

Inventory:

Hand Weapons
 a - a +0 war axe (weapon)
Armour
 b - a +0 scale mail (worn)
 c - a +0 shield (worn)
Jewellery
 i - an uncursed amulet of the gourmand {unknown}
Scrolls
 e - a scroll of blinking {unknown}
 h - 3 scrolls of teleportation {unknown}
 j - 4 scrolls of remove curse {unknown}
 k - 2 scrolls of identify {unknown}
 n - a scroll of enchant armour {unknown}
 o - a scroll of noise {unknown}
 p - a scroll of enchant weapon {unknown}
 q - a scroll of amnesia {unknown}
Potions
 d - 2 potions of might
 m - a potion of magic {unknown}
 r - a potion of heal wounds {unknown}
Comestibles
 f - 9 rations


   Skills:
 + Level 3.9 Fighting
 * Level 4.3 Axes
 - Level 2.4 Armour
 - Level 2.4 Shields
 * Level 1.8 Invocations


You had 4 spell levels left.
You didn't know any spells.
Your spell library was empty.

Dungeon Overview and Level Annotations

Branches:
Dungeon (4/15)
 Temple: D:4-7

Altars:
Cheibriados
Dithmenos
Kikubaaqudgha
Ru
Sif Muna
Wu Jian


Innate Abilities, Weirdness & Mutations

You cannot wear boots.
Your serpentine skin is tough. (AC +1)
You have supernaturally acute eyesight. (SInv)
Armour fits poorly on your strangely shaped body.
Your system is resistant to poisons. (rPois)
You cover ground very slowly.
You have a slow metabolism.
You can spit poison.


Message History

You kill the gnoll!
Cheibriados thoroughly appreciates the change of pace.
You barely miss the gnoll.
The gnoll hits you from afar with a +0 halberd!
* * * LOW HITPOINT WARNING * * *
The gnoll hits you but does no damage. x2
You barely miss the gnoll.
The gnoll is lightly wounded.
The gnoll hits you from afar with a +0 halberd!
* * * LOW HITPOINT WARNING * * *
You block the gnoll's attack.
The gnoll hits you from afar with a +0 halberd.
* * * LOW HITPOINT WARNING * * *
It was a potion of agility.
You feel agile all of a sudden. You block the gnoll's attack.
It was a potion of haste.
You feel yourself speed up.
Cheibriados forgives your accidental hurry, just this once.
The gnoll hits you from afar with a +0 halberd.
You die...

.##...............####...##
######............#....###
.# #..............#### .###
#...........####
...###......#....# ....#
.....#..#.######
.<#...#.##...#!.......##
..##....................
..# .##.####.#..@)......
..# # #....g....... ...
##.....g..... .#..
#........... ....#
#.#......... .....
#.#......... .....<
..##........ .# ##.......


You could see 2 gnolls.

Vanquished Creatures
  A hound (D:4)
  2 adders
  2 gnolls (D:4)
  2 oozes (D:2)
  5 dart slugs (D:1)
  2 leopard geckos
  An orc (D:3)
  6 giant cockroaches
  10 goblins
  4 hobgoblins
  9 jackals
  5 kobolds
  A quokka (D:2)
  3 ball pythons
  6 bats
  4 frilled lizards
  8 rats
71 creatures vanquished.

Notes
Turn   | Place    | Note
-------+----------+-------------------------------------------
     0 | D:1      | vishdafish the Naga Fighter began the quest for the Orb.
     0 | D:1      | Reached XP level 1. HP: 21/21 MP: 1/1
   113 | D:1      | Reached XP level 2. HP: 24/28 MP: 2/2
   383 | D:1      | Reached skill level 3 in Axes
   422 | D:1      | Reached XP level 3. HP: 32/34 MP: 3/3
  1040 | D:2      | Reached XP level 4. HP: 43/43 MP: 4/4
  1251 | D:2      | Found a shadowy altar of Dithmenos.
  1395 | D:2      | Found a snail-covered altar of Cheibriados.
  1588 | D:2      | Became a worshipper of Cheibriados the Contemplative
  2165 | D:2      | Found a deep blue altar of Sif Muna.
  2214 | D:3      | Reached skill level 4 in Axes
  2224 | D:3      | Reached * piety under Cheibriados
  2342 | D:3      | Reached skill level 1 in Invocations
  2520 | D:3      | Found a sacrificial altar of Ru.
  2578 | D:3      | Found an ornate altar of the Wu Jian Council.
  2579 | D:3      | Found an ancient bone altar of Kikubaaqudgha.
  2731 | D:4      | Reached XP level 5. HP: 45/50 MP: 4/6
  2803 | D:4      | HP: 2/50 [gnoll/+0 halberd (4)]
  2805 | D:4      | Slain by a gnoll

Skill      XL: |  1  2  3  4 |
---------------+-------------+-----
Axes           | 3 4 |  4.3
Invocations    | 1 |  1.8
Fighting       | |  3.9
Armour         | |  2.4
Shields        | |  2.4

Action                   |  1- 3 |  4- 6 || total
-------------------------+-------+-------++-------
Melee: War axe           |   102 |   107 ||   209
  Use: Potion            |       |     2 ||     2
  Eat: Ration            |       |     1 ||     1
       Chunk             |       |     1 ||     1
Armor: Scale mail        |    52 |    48 ||   100
Dodge: Dodged            |    28 |    27 ||    55
Block: Shield            |    56 |    69 ||   125
